 Dungeon Crawl Stone Soup version 0.23.1-37-gaa34b87b72 (webtiles) character file.

Game seed: 11587717663770284804

19838 MisterOstroum the Severer (level 12, -3/105 HPs)
             Began as a Deep Dwarf Fighter on Mar 25, 2019.
             Was the Champion of Okawaru.
             Engulfed by a cloud of freezing vapour (23 damage)
             ... in an ice cave on Mar 26, 2019.
             The game lasted 00:57:11 (9113 turns).

MisterOstroum the Severer (Deep Dwarf Fighter)      Turns: 9113, Time: 00:57:11

Health: -3/105     AC: 21    Str: 24    XL:     12   Next: 40%
Magic:  0/0        EV:  9    Int: 10    God:    Okawaru [******]
Gold:   658        SH: 13    Dex: 12    Spells: 11/11 levels left

rFire    + . .     SeeInvis +   J - +5 war axe
rCold    x . .     Gourm    +   c - +0 shield
rNeg     + . .     Faith    .   I - +0 pearl dragon scales
rPois    .         Spirit   .   j - +0 helmet {SInv}
rElec    .         Reflect  .   z - +2 cloak
rCorr    +         Harm     .   n - +0 pair of gloves
MR       ++...                  N - +2 pair of boots {Fly}
Stlth    ..........             m - amulet of the gourmand
HPRegen  0.00/turn              p - ring of fire
MPRegen  0.07/turn              D - ring of resist corrosion

@: non-regenerating, very slow
A: damage resistance, heal wounds, magic resistance 1, sense surroundings 2, no
regeneration
a: Heal Wounds, Heroism, Finesse, Renounce Religion, Evoke Flight


You were in an ice cave.
You worshipped Okawaru.
Okawaru was exalted by your worship.
You were completely stuffed.

You visited 2 branches of the dungeon, and saw 12 of its levels.
You also visited: Bailey and Ice Cave.

You collected 812 gold pieces.
You spent 154 gold pieces at shops.

Inventory:

Hand Weapons
 A - a +0 blowgun
 J - a +5 war axe (weapon)
 S - the +5 long sword of Uncomfortable Rashes {vamp, *Contam MR+ Str+4}
   (You found it on level 10 of the Dungeon)

   It inflicts no extra harm, but heals its wielder when it wounds a living foe.
   It affects your strength (+4).
   It affects your resistance to hostile enchantments.
   It causes magical contamination when unequipped.
 Y - a +1 broad axe of chopping
Missiles
 k - 394 stones
 x - 3 tomahawks (quivered)
 B - 3 curare-tipped needles
 C - 38 poisoned needles
 G - 5 silver javelins
 O - 5 throwing nets
Armour
 c - a +0 shield (worn)
 j - a +0 helmet of see invisible (worn)
 n - a +0 pair of gloves (worn)
 z - a +2 cloak (worn)
 I - +0 pearl dragon scales (worn)
 N - a +2 pair of boots of flying (worn)
Jewellery
 m - an amulet of the gourmand (around neck)
 p - a ring of fire (left hand)
 D - a ring of resist corrosion (right hand)
 W - an uncursed amulet of magic regeneration
Wands
 K - a wand of paralysis (12)
 M - a wand of polymorph (7)
 Q - a wand of flame (20)
 R - a wand of iceblast (23)
 U - a wand of enslavement (8)
 X - a wand of random effects (15)
 Z - a wand of disintegration (7)
Scrolls
 e - a scroll of noise {unknown}
 h - 4 scrolls of teleportation {unknown}
 l - a scroll of identify
 o - 6 scrolls of vulnerability {unknown}
 q - a scroll of fog {unknown}
 s - 4 scrolls of magic mapping
 w - a scroll of amnesia {unknown}
 y - 2 scrolls of enchant armour {unknown}
 F - 2 scrolls of random uselessness {unknown}
 H - a scroll of fear {unknown}
 L - 4 scrolls of remove curse {unknown}
 V - a scroll of brand weapon {unknown}
Potions
 a - a potion of cancellation
 b - 3 potions of agility
 d - a potion of might
 g - 4 potions of resistance
 i - 4 potions of haste
 t - a potion of curing
 v - a potion of lignification
 E - 2 potions of flight
 P - 4 potions of mutation
Comestibles
 f - 29 rations


   Skills:
 - Level 6.0 Fighting
 - Level 16.0 Axes
 - Level 6.2 Armour
 + Level 12.7 Shields
 - Level 2.0 Invocations


You had 11 spell levels left.
You didn't know any spells.
Your spell library contained the following spells:

 Spells                   Type           Power        Failure   Level  Hunger
 Passwall                 Tmut/Erth      #.......     90%         2    ###....
 Poisonous Vapours        Pois/Air       #.....       90%         2    ###....
 Swiftness                Chrm/Air       #.......     90%         2    ###....
 Conjure Flame            Conj/Fire      #.......     99%         3    ####...
 Mephitic Cloud           Conj/Pois/Air  #.......     99%         3    ####...
 Passage of Golubria      Tloc           N/A          100%        4    #####..
 Lee's Rapid Deconstruct  Erth           #.........   100%        5    ######.
 Darkness                 Hex            #.........   100%        6    #######
 Freezing Cloud           Conj/Ice/Air   #.........   100%        6    #######
 Invisibility             Hex            #.......     100%        6    #######
 Ring of Flames           Chrm/Fire      #.........   100%        7    #######


Dungeon Overview and Level Annotations

Branches:
Dungeon (11/15)            Temple (1/1) D:6            Lair (0/6) D:10
    Orc: D:9-12

Altars:
Ashenzari
Cheibriados
Elyvilon
Fedhas
Gozag
Hepliaklqana
Kikubaaqudgha
Makhleb
Nemelex Xobeh
Okawaru
Qazlal
Ru
Sif Muna
Trog
Uskayaw
Vehumet
Wu Jian
Xom
Yredelemnul
Zin

Shops:
D:5 *   D:8 *   D:9 *


Innate Abilities, Weirdness & Mutations

You are resistant to damage.
You can heal yourself by infusing magical energy.
You passively map the area around you.
You do not regenerate.
You are resistant to hostile enchantments. (MR+)


Message History

The rime drake hisses angrily.
The polar bear growls angrily.
The polar bear is engulfed in freezing vapours.
The rime drake is engulfed in freezing vapours.
You slice the polar bear!!
The polar bear is severely wounded.
You are engulfed in freezing vapours.
* * * LOW HITPOINT WARNING * * *
The rime drake is engulfed in freezing vapours.
The rime drake dies!
The polar bear is engulfed in freezing vapours.
The polar bear barely misses you. You block the polar bear's attack. x2
You slice the polar bear!!
You kill the polar bear!
Okawaru accepts your kill.
You are engulfed in freezing vapours.
* * * LOW HITPOINT WARNING * * *
You enter the shallow water.
Moving in this stuff is going to be slow.
You are engulfed in freezing vapours.
You die...

≈≈≈≈≈#..#.##
≈
≈#≈≈##.##..#
≈ ≈≈≈≈
#.###.# #≈≈
##.#○##
#..°.# * *
≈##.#°# * *
∩* ###†## ≈
*≈ ##○# **,
*#@# #°°# *
* * #.## *,
≈ ≈#° ## * *
* * ,* * ,*
* ,


There were no monsters in sight!

Vanquished Creatures
  Erolcha (D:9)
  Harold (D:8)
  Erica (D:9)
  A two-headed ogre (D:10)
  A death yak (IceCv)
  A deep elf knight (Bailey)
  11 deep elf magi (Bailey)
  The ghost of Toogi the Covert, a novice FeCj of Dithmenos (D:8)
  5 rime drakes
  8 polar bears (IceCv)
  2 trolls
  3 hippogriffs
  Sigmund (D:4)
  2 wyverns
  15 yaks
  Duvessa (D:7)
  A sky beast (D:6)
  2 orc warriors
  A phantom (D:5)
  2 ogres
  11 wolves
  2 centaurs
  3 bullfrogs
  4 big kobolds
  Dowan (D:7)
  2 scorpions
  17 killer bees
  An electric eel (D:10)
  3 howler monkeys
  4 jellies
  2 crimson imps (D:5)
  A gnoll shaman (D:8)
  A bullfrog zombie (D:5)
  7 hounds
  4 orc priests
  A bullfrog skeleton (D:9)
  3 centaur skeletons
  An iguana (D:6)
  13 orc wizards
  5 worker ants
  A worker ant zombie (D:9)
  A howler monkey zombie (D:5)
  9 gnolls
  10 adders
  3 shadow imps
  An ooze (D:1)
  An adder skeleton (D:4)
  An adder zombie (D:4)
  A worm (D:3)
  2 dart slugs
  10 leopard geckos
  38 orcs
  A ball python (D:3)
  8 giant cockroaches
  12 goblins
  7 hobgoblins
  12 jackals
  18 kobolds
  5 quokkas
  6 bats
  4 frilled lizards
  A jackal skeleton (D:4)
  A leopard gecko zombie (D:7)
  2 quokka skeletons
  6 rats
308 creatures vanquished.

Vanquished Creatures (others)
  A rime drake (IceCv)
  A yak (IceCv)
  An orc priest (D:5)
  2 orc wizards (D:5)
  2 orcs (D:5)
  3 jackals (D:5)
  A withered plant (D:8)
11 creatures vanquished.

Grand Total: 319 creatures vanquished

Notes
Turn   | Place    | Note
-------+----------+-------------------------------------------
     0 | D:1      | MisterOstroum the Deep Dwarf Fighter began the quest for
                  | the Orb.
     0 | D:1      | Reached XP level 1. HP: 20/20 MP: 1/1
   115 | D:1      | Reached XP level 2. HP: 21/27 MP: 2/2
   277 | D:1      | Reached skill level 3 in Axes
   469 | D:1      | Reached XP level 3. HP: 24/34 MP: 3/3
  1100 | D:2      | Reached XP level 4. HP: 31/42 MP: 4/4
  1118 | D:2      | Reached skill level 4 in Axes
  1230 | D:2      | Found a shimmering altar of Xom.
  1607 | D:3      | Reached XP level 5. HP: 41/50 MP: 4/4
  1907 | D:3      | Reached skill level 5 in Axes
  2080 | D:3      | Found a white marble altar of Elyvilon.
  2667 | D:4      | Noticed Sigmund
  2687 | D:4      | Reached XP level 6. HP: 48/57 MP: 5/5
  2722 | D:4      | Reached skill level 6 in Axes
  2994 | D:4      | Killed Sigmund
  2994 | D:4      | Reached skill level 5 in Fighting
  2994 | D:4      | Reached skill level 7 in Axes
  2994 | D:4      | Reached XP level 7. HP: 63/67 MP: 6/6
  3433 | D:5      | Entered Level 5 of the Dungeon
  3475 | D:5      | Reached skill level 8 in Axes
  3487 | D:5      | Found Gumyinte's Lightly-Used Armoury.
  3694 | D:5      | Reached XP level 8. HP: 69/76 MP: 6/6
  4124 | D:5      | Found a white marble altar of Elyvilon.
  4268 | D:6      | Reached skill level 9 in Axes
  4286 | D:6      | Found a shattered altar of Ashenzari.
  4303 | D:6      | Found a hazy altar of Hepliaklqana.
  4464 | D:6      | Found a staircase to the Ecumenical Temple.
  4563 | Temple   | Entered the Ecumenical Temple
  4597 | Temple   | Became a worshipper of Warmaster Okawaru
  5294 | D:7      | Reached skill level 10 in Axes
  5373 | D:7      | Reached skill level 1 in Invocations
  5440 | D:7      | Noticed Duvessa
  5440 | D:7      | Noticed Dowan
  5485 | D:7      | Killed Duvessa
  5485 | D:7      | Reached * piety under Okawaru
  5485 | D:7      | Gained mutation: You passively map the area around you.
                  | [Deep Dwarf growth]
  5485 | D:7      | Reached XP level 9. HP: 81/82 MP: 7/7
  5490 | D:7      | Killed Dowan
  5713 | D:8      | Reached skill level 5 in Armour
  5713 | D:8      | Reached skill level 5 in Shields
  5824 | D:8      | Found a flagged portal.
  5830 | Bailey   | Entered a bailey
  5836 | Bailey   | Noticed a deep elf mage
  5847 | Bailey   | Killed a deep elf mage
  5847 | Bailey   | Reached ** piety under Okawaru
  5847 | Bailey   | Reached skill level 11 in Axes
  5857 | Bailey   | Noticed a deep elf mage
  5859 | Bailey   | Noticed a deep elf mage
  5861 | Bailey   | Noticed a deep elf mage
  5861 | Bailey   | Noticed a deep elf mage
  5861 | Bailey   | Noticed a deep elf mage
  5871 | Bailey   | Killed a deep elf mage
  5876 | Bailey   | Noticed a jumping spider
  5920 | Bailey   | Killed a deep elf mage
  5921 | Bailey   | Gained mutation: You tend to lose your temper in combat. [a
                  | neqoxec]
  5922 | Bailey   | Killed a deep elf mage
  5922 | Bailey   | Reached skill level 12 in Axes
  5922 | Bailey   | Reached XP level 10. HP: 63/91 MP: 1/4
  5924 | Bailey   | Gained mutation: You are frail. (-10% HP) [a neqoxec]
  5934 | Bailey   | Killed a deep elf mage
  5934 | Bailey   | Reached *** piety under Okawaru
  5939 | Bailey   | Killed a deep elf mage
  5957 | Bailey   | Noticed a deep elf mage
  5974 | Bailey   | Killed a deep elf mage
  5983 | Bailey   | Noticed a deep elf knight
  5992 | Bailey   | Killed a deep elf knight
  5992 | Bailey   | Reached **** piety under Okawaru
  5992 | Bailey   | Reached skill level 13 in Axes
  6044 | Bailey   | Noticed a deep elf mage
  6044 | Bailey   | Noticed a deep elf mage
  6044 | Bailey   | Noticed a deep elf mage
  6044 | Bailey   | Noticed a deep elf mage
  6045 | Bailey   | Noticed a soul eater
  6062 | Bailey   | Killed a deep elf mage
  6068 | Bailey   | Killed a deep elf mage
  6070 | Bailey   | Killed a deep elf mage
  6070 | Bailey   | Reached ***** piety under Okawaru
  6133 | Bailey   | Noticed a soul eater
  6134 | Bailey   | Killed a deep elf mage
  6134 | Bailey   | Received a gift from Okawaru
  6340 | D:8      | Noticed Harold
  6353 | D:8      | Killed Harold
  6353 | D:8      | Reached skill level 14 in Axes
  6353 | D:8      | Reached XP level 11. HP: 58/87 MP: 0/3
  6428 | D:8      | Found Ciusun's General Store.
  6433 | D:8      | Bought a scroll of enchant weapon for 105 gold pieces
  6433 | D:8      | Bought a scroll of magic mapping for 49 gold pieces
  6676 | D:8      | Found a runed translucent door.
  6678 | D:8      | Noticed Toogi's ghost (novice FeCj)
  6860 | D:8      | Killed Toogi's ghost
  6894 | D:9      | Noticed Erolcha
  6906 | D:9      | Killed Erolcha
  6933 | D:9      | Noticed Erica
  6949 | D:9      | Killed Erica
  7128 | D:9      | Found Femosm's General Store.
  7379 | D:9      | Reached skill level 15 in Axes
  7570 | D:9      | Lost mutation: You are frail. (-10% HP) [potion of
                  | mutation]
  7570 | D:9      | Lost mutation: You tend to lose your temper in combat.
                  | [potion of mutation]
  7570 | D:9      | Gained mutation: You are resistant to hostile enchantments.
                  | (MR+) [potion of mutation]
  7806 | D:10     | Entered Level 10 of the Dungeon
  7806 | D:10     | Noticed a two-headed ogre
  7824 | D:10     | Killed a two-headed ogre
  7824 | D:10     | Reached skill level 10 in Shields
  8024 | D:10     | Found a staircase to the Lair.
  8154 | D:10     | Got a fine long sword
  8155 | D:10     | Identified the +5 long sword of Uncomfortable Rashes {vamp,
                  | *Contam MR+ Str+4} (You found it on level 10 of the
                  | Dungeon)
  8611 | D:11     | Found a frozen archway.
  8621 | D:11     | Received a gift from Okawaru
  8637 | IceCv    | Entered an ice cave
  8731 | IceCv    | Reached skill level 16 in Axes
  8731 | IceCv    | Reached XP level 12. HP: 33/105 MP: 1/1
  8870 | IceCv    | Noticed a death yak
  8921 | IceCv    | Killed a death yak
  8963 | IceCv    | Reached ****** piety under Okawaru
  9113 | IceCv    | Engulfed by a cloud of freezing vapour

Skill      XL: |  1  2  3  4  5  6  7  8  9 10 11 12 |
---------------+-------------------------------------+-----
Fighting       | 3 4 5 6 |  6.0
Axes           | 3 4 5 7 8 10 12 14 16 | 16.0
Armour         | 4 6 |  6.2
Shields        | 4 6 8 10 12 | 12.7
Invocations    | 1 2 |  2.0

Action                   |  1- 3 |  4- 6 |  7- 9 | 10-12 || total
-------------------------+-------+-------+-------+-------++-------
Melee: War axe           |    97 |   218 |   304 |   554 ||  1173
       Unarmed           |       |       |    13 |       ||    13
       Punch             |       |       |       |     1 ||     1
       Broad axe         |       |       |       |    17 ||    17
Throw: Stone             |    17 |    44 |     2 |     2 ||    65
       Tomahawk          |       |     7 |    39 |    36 ||    82
Invok: Heroism           |       |       |     2 |     3 ||     5
 Abil: Heal Wounds       |     1 |     6 |    19 |    17 ||    43
       Stop Flying       |       |       |       |     1 ||     1
  Use: Potion            |       |       |     1 |    10 ||    11
       Scroll            |       |       |       |    14 ||    14
 Stab: Sleeping          |       |     1 |       |       ||     1
  Eat: Chunk             |     4 |    17 |     9 |    11 ||    41
Armor: Scale mail        |    44 |   125 |    15 |       ||   184
       Pearl dragon scal |       |       |   173 |   260 ||   433
       Skin              |       |       |       |    23 ||    23
Dodge: Dodged            |    47 |   119 |   142 |   192 ||   500
Block: Shield            |    10 |       |       |   130 ||   140
